 Dungeon Sprint DCSS version 0.30-a0-123-g91d0c66ccf (webtiles) character file.

Game seed: 14021144640101666235

967 mhtbhm the Geomancer (level 8, -8/44 HPs)
             Began as a Gargoyle Earth Elementalist on Sept 18, 2022.
             Was a Follower of Vehumet.
             Mangled by a shadow (19 damage)
             ... in the Dungeon (Sprint III: "The Ten Rune Challenge").
             The game lasted 00:02:37 (722 turns).

mhtbhm the Geomancer (Gargoyle Earth Elementalist)   Turns: 722, Time: 00:02:37

Health: -8/44      AC:  7    Str: 11    XL:     8   Next: 15%
Magic:  18/22      EV: 13    Int: 19    God:    Vehumet [*.....]
Gold:   19         SH:  0    Dex: 10    Spells: 14/27 levels left

rFire   . . .      SeeInvis .    j - +0 club
rCold   . . .      Faith    .    (no shield)
rNeg    + . .      Spirit   .    a - +0 robe
rPois   ∞          Reflect  .    (helmet restricted)
rElec   +          Harm     .    (no cloak)
rCorr   .          Rampage  .    (no gloves)
Will    .....      NoTele   +    (no boots)
Stlth   ++........               (no amulet)
HPRegen 0.94/turn                (no ring)
MPRegen 0.18/turn                (no ring)

@: hasted, very quick
A: sickness immunity, AC +5, negative energy resistance 1, electricity
resistance, torment resistance 1, petrification resistance, fangs 1, horns 1,
regeneration 1, MP-powered wands
a: Renounce Religion


You were in the Dungeon.
You worshipped Vehumet.
Vehumet was aware of your devotion.
You visited 1 branch You collected 19 gold pieces.

Inventory:

Hand Weapons
 j - a +0 club (weapon)
Armour
 a - a +0 robe (worn)
Wands
 d - a wand of charming (6)
Scrolls
 i - a scroll of brand weapon {unknown}
 l - 2 scrolls of immolation {unknown}
 m - 2 scrolls of identify {unknown}
Potions
 b - 3 potions of magic
 c - a potion of curing
 f - a potion of berserk rage
 h - a potion of brilliance {unknown}
 k - a potion of mutation
 n - 3 potions of flight
 o - a potion of heal wounds


   Skills:
 + Level 1.9 Fighting
 + Level 4.1 Dodging
 + Level 4.1 Stealth
 + Level 10.3 Spellcasting
 + Level 0.2 Conjurations
 + Level 1.3 Transmutations
 + Level 14.5 Earth Magic


You had 14 spell levels left.
You knew the following spells:

 Your Spells              Type           Power      Damage    Failure   Level
a - Sandblast             Erth           100%       2d20      1%          1
b - Passwall              Tmut/Erth      33%        N/A       1%          2
c - Stone Arrow           Conj/Erth      74%        3d11      1%          3
d - Petrify               Tmut/Erth      40%        N/A       2%          4
e - Dazzling Flash        Conj/Hex       20%        N/A       21%         3

Your spell library contained the following spells:

 Spells                   Type           Power      Damage    Failure   Level
 Magic Dart               Conj           40%        1d5       7%          1
 Summon Small Mammal      Summ           36%        N/A       7%          1
 Call Canine Familiar     Summ           9%         N/A       22%         3
 Summon Guardian Golem    Hex/Summ       9%         N/A       22%         3
 Iskenderun's Mystic Bla  Conj/Tloc      10%        2d4       56%         4
 Starburst                Conj/Fire      5%         6d4       100%        6


Dungeon Overview and Level Annotations

Branches:
Dungeon (1/1)

Altars:
Dithmenos
Elyvilon
Kikubaaqudgha
Okawaru
Ru
Sif Muna
Trog
Uskayaw
Vehumet
Wu Jian
Yredelemnul
Zin
The Shining One


Innate Abilities, Weirdness & Mutations

You are immune to sickness and miasma.
Your stone body is resilient. (AC +5)
You are immune to poison.
You resist negative energy. (rN+)
You are resistant to electric shocks. (rElec)
You are resistant to unholy torment.
You are immune to petrification.
You have very sharp teeth.
You have a pair of small horns on your head.
Your natural rate of healing is unusually fast.
You expend magic power (3 MP) to strengthen your wands.


Message History

* * * LOW HITPOINT WARNING * * *
Unknown command.
You feel better.
The jelly quivers.
The shadow hits you.
* * * LOW HITPOINT WARNING * * *
You feel yourself speed up. The shadow misses you. The shadow hits you!
* * * LOW HITPOINT WARNING * * *
There is an open door here.
Casting: Sandblast (safe; 1% risk of failure)
Confirm with . or Enter, or press ? or * to list all spells.
Aiming: Sandblast (safe; 1% risk of failure)
Press: ? - help, Shift-Dir - straight line, f - shadow
Aim: a shadow (85% to hit)
The blast of sand hits the shadow!
The shadow is severely damaged.
Unknown command.
Casting: Sandblast (safe; 1% risk of failure)
Confirm with . or Enter, or press ? or * to list all spells.
Aiming: Sandblast (safe; 1% risk of failure)
Press: ? - help, Shift-Dir - straight line, f/p - shadow
Aim: a shadow (severely damaged, 85% to hit)
The blast of sand hits the shadow but does no damage.
The shadow is severely damaged.
Unknown command.
Unknown command.
The shadow slips into darkness.
The shadow flickers and vanishes!
Deactivating autopickup; reactivate with Ctrl-A.
Casting: Sandblast (safe; 1% risk of failure)
Confirm with . or Enter, or press ? or * to list all spells.
Aiming: Sandblast (safe; 1% risk of failure)
Press: ? - help, Shift-Dir - straight line The blast of sand hits something.
Unknown command.
Unknown command.
There is a fountain of clear blue water here.
The shadow strikes at you from the darkness!
You die...

▓▓▓▓▓▓ ▓▓▓ .#...####
##.############
.#......#####..#___#___#__#
##....†..#..#..#.).#__)#._#
.##.##...#..#..###'#'###)##
.##.###.[##'#..#..J.......#
####.##..###...†@⌠........#
##..##..####...#...######'#
....##..# #....#.⌠.# #...#
#..##...##.....#...# #..J#
..##....#......#)### #...#
.###..##.#.....#)..# #...+
.# #.. ####....#___# +...#
▓▓ ▓▓▓ ▓▓▓▓▓▓▓▓▓▓ ▓▓▓▓▓


You could see a jelly.

Vanquished Creatures
  A deep elf pyromancer (D)
  A necrophage (D)
  A water elemental (D)
  A scorpion (D)
  Jessica (D)
  A wizard (D)
  A necromancer (D)
  2 humans (D)
  A kobold demonologist (D)
  An endoplasm (D)
  2 rats (D)
13 creatures vanquished.

Vanquished Creatures (others)
  A human (D)
1 creature vanquished.

Grand Total: 14 creatures vanquished

Notes
Turn   | Place    | Note
-------+----------+-------------------------------------------
     0 | D        | mhtbhm the Gargoyle Earth Elementalist began the quest for
                  | the Orb.
     0 | D        | Reached XP level 1. HP: 10/10 MP: 3/3
     8 | D        | Reached skill level 4 in Earth Magic
    49 | D        | Reached skill level 5 in Earth Magic
    64 | D        | Noticed Jessica
    71 | D        | Killed Jessica
    72 | D        | Reached skill level 6 in Earth Magic
    72 | D        | Reached XP level 2. HP: 9/15 MP: 0/6
    72 | D        | Reached XP level 3. HP: 11/19 MP: 0/7
   202 | D        | Learned a level 2 spell: Passwall
   206 | D        | Learned a level 3 spell: Stone Arrow
   224 | D        | Gained mutation: Armour fits poorly on your strangely
                  | shaped body. [potion of mutation]
   224 | D        | Gained mutation: You have sharp toenails. [potion of
                  | mutation]
   224 | D        | Gained mutation: You expend magic power (3 MP) to
                  | strengthen your wands. [potion of mutation]
   225 | D        | Lost mutation: Armour fits poorly on your strangely shaped
                  | body. [potion of mutation]
   225 | D        | Lost mutation: You have sharp toenails. [potion of
                  | mutation]
   225 | D        | Gained mutation: You have a pair of small horns on your
                  | head. [potion of mutation]
   225 | D        | Gained mutation: Your natural rate of healing is unusually
                  | fast. [potion of mutation]
   225 | D        | Gained mutation: You have very sharp teeth. [potion of
                  | mutation]
   233 | D        | Noticed a scorpion
   238 | D        | Reached skill level 7 in Earth Magic
   239 | D        | Killed a scorpion
   240 | D        | Reached skill level 1 in Transmutations
   240 | D        | Reached skill level 8 in Earth Magic
   240 | D        | Reached XP level 4. HP: 19/24 MP: 2/10
   310 | D        | Learned a level 4 spell: Petrify
   312 | D        | Noticed a water elemental
   319 | D        | Killed a water elemental
   320 | D        | Reached skill level 5 in Spellcasting
   320 | D        | Reached skill level 10 in Earth Magic
   320 | D        | Reached XP level 5. HP: 11/28 MP: 3/13
   500 | D        | Found a radiant altar of Vehumet.
   500 | D        | Found a shimmering blue altar of Sif Muna.
   500 | D        | Found an ancient bone altar of Kikubaaqudgha.
   514 | D        | Became a worshipper of Vehumet
   531 | D        | Found a glowing silver altar of Zin.
   531 | D        | Found a glowing golden altar of the Shining One.
   531 | D        | Found a white marble altar of Elyvilon.
   531 | D        | Noticed a deep elf pyromancer
   537 | D        | Found a basalt altar of Yredelemnul.
   537 | D        | Found a shadowy altar of Dithmenos.
   537 | D        | Found a sacrificial altar of Ru.
   540 | D        | Reached XP level 6. HP: 33/33 MP: 11/15
   541 | D        | Reached skill level 11 in Earth Magic
   584 | D        | Killed a deep elf pyromancer
   584 | D        | Reached * piety under Vehumet
   584 | D        | Offered knowledge of Magic Dart by Vehumet.
   585 | D        | Reached skill level 1 in Fighting
   585 | D        | Reached skill level 13 in Earth Magic
   585 | D        | Reached XP level 7. HP: 38/38 MP: 15/20
   615 | D        | Found a hide-covered altar of Uskayaw.
   615 | D        | Found an iron altar of Okawaru.
   615 | D        | Found a bloodstained altar of Trog.
   615 | D        | Found an ornate altar of the Wu Jian Council.
   615 | D        | Noticed a human
   615 | D        | Noticed a human
   623 | D        | Reached skill level 10 in Spellcasting
   623 | D        | Reached skill level 14 in Earth Magic
   630 | D        | Killed a human
   631 | D        | Reached XP level 8. HP: 13/44 MP: 13/22
   698 | D        | Learned a level 3 spell: Dazzling Flash
   701 | D        | Noticed a shadow
   706 | D        | HP: 2/44 [shadow (9)]
   722 | D        | Mangled by a shadow

Illustrated notes

Levels and vault maps discovered:
D:        dungeon_sprint_mu [sprint_mu_entry_cave, sprint_mu_temple_rooms,
          sprint_mu_d1_horrors, sprint_mu_d2_genie, sprint_mu_d3_branching,
          sprint_mu_orc_legion, sprint_mu_elf_gauntlet, sprint_mu_hive_nellie,
          sprint_mu_lair_fedhas, sprint_mu_vaults_butterflies,
          sprint_mu_slime_circle, sprint_mu_swamp_cave, sprint_mu_shoals_archi,
          sprint_mu_blade_basic, sprint_mu_crypt_lich, sprint_mu_tomb_spiral,
          sprint_mu_vestibule_basic, sprint_mu_gehenna_hellfire,
          sprint_mu_dis_giant, sprint_mu_tartarus_statrot,
          sprint_mu_cocytus_islands, sprint_mu_zot1]

Skill      XL: |  1  2  3  4  5  6  7 |
---------------+----------------------+-----
Earth Magic    | 6 8 10 13 14 | 14.5
Dodging        | 2 3 4 |  4.1
Spellcasting   | 3 4 5 6 9 10 | 10.3
Stealth        | 3 4 |  4.1
Transmutations | 1 |  1.3
Fighting       | 1 |  1.9
Conjurations   | |  0.2

Action                   |  1- 3 |  4- 6 |  7- 9 || total
-------------------------+-------+-------+-------++-------
 Cast: Sandblast         |    11 |    14 |    12 ||    37
       Passwall          |     1 |       |       ||     1
       Stone Arrow       |       |     1 |     1 ||     2
Evoke: Wand              |       |       |     1 ||     1
  Use: Potion            |     2 |     1 |     2 ||     5
       Scroll            |       |       |     1 ||     1
Armor: Robe              |     1 |     1 |     1 ||     3
Dodge: Dodged            |     2 |     4 |     3 ||     9

Table legend: (Time is in decaauts)
 A = Elapsed time spent in this place.
 B = Non-inter-level travel time spent in this place.
 C = Inter-level travel time spent in this place.
 D = Time resting spent in this place.
 E = Time spent auto-exploring this place.
 F = Levels seen in this place.
 G = Mean time per level.
                   A        B        C        D        E       F      G
               +--------+--------+--------+--------+--------+-----+--------+
         Total |    735 |    735 |      0 |    470 |     52 |   1 |  735.0 |
       Dungeon |    735 |    735 |      0 |    470 |     52 |   1 |  735.0 |
               +--------+--------+--------+--------+--------+-----+--------+

Top non-repeatable levels by time:
       D: 735 daAuts
